 Dungeon Crawl Stone Soup version 0.26-a0-651-gb41185065b (webtiles) character file.

Game seed: 10825159683115841882

2337 kae the Grappler (level 9, -1/71 HPs)
             Began as a Black Draconian Transmuter on Oct 23, 2020.
             Was a Follower of Uskayaw.
             Slain by an orc warrior
             ... wielding a +0 war axe
              (9 damage)
             ... on level 8 of the Dungeon.
             The game lasted 00:08:49 (11261 turns).

kae the Grappler (Black Draconian Transmuter)      Turns: 11261, Time: 00:08:50

Health: -1/71      AC: 10    Str: 15    XL:     9   Next: 19%
Magic:  9/15       EV: 13    Int: 15    God:    Uskayaw [*.....]
Gold:   313        SH:  0    Dex: 11    Spells: 1/16 levels left

rFire    . . .     SeeInvis .     - Unarmed
rCold    . . .     Faith    .   (shield currently unavailable)
rNeg     . . .     Spirit   .   (armour unavailable)
rPois    .         Reflect  .   (helmet restricted)
rElec    +         Harm     .   (no cloak)
rCorr    .         Rampage  .   (gloves currently unavailable)
MR       .....                  w - +2 pair of boots {Fly}
Stlth    +.........             (no amulet)
HPRegen  0.21/turn              (no ring)
MPRegen  0.14/turn              (no ring)

@: blade hands, marked, flying
A: breathe lightning, unfitting armour, electricity resistance, cold-blooded, AC
+7
a: Breathe Lightning, End Transformation, Stomp, Renounce Religion, Stop Flying


You were on level 8 of the Dungeon.
You worshipped Uskayaw.
Uskayaw was noncommittal.
You had blades for hands.
You visited 2 branches of the dungeon, and saw 9 of its levels.
You also visited: Ossuary.

You collected 550 gold pieces.
You spent 237 gold pieces at shops.

Inventory:

Armour
 w - a +2 pair of boots of flying (worn)
Jewellery
 a - an uncursed amulet of faith
 e - an uncursed ring of fire
Wands
 b - a wand of iceblast (9)
 s - a wand of acid (4)
Scrolls
 d - a scroll of amnesia
 f - 2 scrolls of teleportation
 j - 4 scrolls of remove curse
 m - 5 scrolls of identify
 q - a scroll of enchant weapon
 r - 2 scrolls of enchant armour
 t - a scroll of magic mapping {unknown}
Potions
 c - a potion of resistance
 g - 4 potions of ambrosia
 h - a potion of cancellation
 i - a potion of brilliance
 k - a potion of might
 l - 2 potions of heal wounds
 n - 2 potions of flight
 o - a potion of haste
 p - 3 potions of curing
 v - a potion of lignification


   Skills:
 - Level 4.0 Fighting
 - Level 3.6 Dodging
 * Level 8.2 Unarmed Combat
 - Level 4.0 Spellcasting
 + Level 6.3 Transmutations
 + Level 0.1 Ice Magic
 + Level 4.0 Invocations


You had one spell level left.
You knew the following spells:

 Your Spells              Type           Power        Failure   Level
a - Beastly Appendage     Tmut           ###...       17%         1
b - Wereblood             Tmut           ###.....     21%         2
c - Spider Form           Tmut/Pois      ##........   54%         3
d - Blade Hands           Tmut           ###.......   78%         5
e - Ice Form              Ice/Tmut       ##......     83%         4

Your spell library contained the following spells:

 Spells                   Type           Power        Failure   Level
 Foxfire                  Conj/Fire      #...         61%         1
 Conjure Flame            Conj/Fire      #.......     86%         3
 Inner Flame              Hex/Fire       #.......     86%         3
 Sticky Flame             Conj/Fire      #.......     99%         4
 Fireball                 Conj/Fire      #.........   100%        5


Dungeon Overview and Level Annotations

Branches:
Dungeon (8/15)             Temple (1/1) D:4         Ossuary (visited)
   Lair: D:8-11

Altars:
Ashenzari
Cheibriados
Elyvilon
Fedhas
Gozag
Hepliaklqana
Kikubaaqudgha
Makhleb
Okawaru
Ru
Sif Muna
Trog
Uskayaw
Vehumet
Wu Jian
Xom
Yredelemnul
Zin
The Shining One

Shops:
D:6 =[   D:7 (


Innate Abilities, Weirdness & Mutations

You can breathe wild blasts of lightning.
Your glossy black scales are hard. (AC +7)
You cannot fit into any form of body armour.
You are resistant to electric shocks. (rElec)
You are cold-blooded and may be slowed by cold attacks.


Message History

* * * LOW HITPOINT WARNING * * *
The orc hits you but does no damage.
You hit the orc warrior but do no damage.
You tail-slap the orc warrior.
The orc warrior is lightly wounded.
The phantom blinks!
The orc hits you with a +0 whip.
* * * LOW HITPOINT WARNING * * *
You barely miss the orc warrior.
The orc warrior is lightly wounded.
You feel sick.
The orc warrior hits you with a +0 war axe.
* * * LOW HITPOINT WARNING * * *
You feel better. The orc hits you but does no damage.
The orc warrior hits you with a +0 war axe!
* * * LOW HITPOINT WARNING * * *
You barely miss the orc warrior.
Your tail-slap misses the orc warrior.
The orc warrior is lightly wounded.
The orc hits you but does no damage.
The orc warrior hits you with a +0 war axe!
You die...

###...####..##########
## ...# ##..########
.# .... #..........#
.# .....#..........#
... .# #..........# ..
.# #..........# .. .#
#..........# . ##
###..###'###.# .# #
##+####@###.##..#
.......oo.)......
.................
.................
............##+##
............#
######..##..# #..# ..#
.... ....


You could see an orc warrior and an orc.

Vanquished Creatures
  A hippogriff (D:7)
  A water moccasin (D:6)
  A sky beast (D:5)
  2 orc warriors
  3 centaurs
  A bullfrog (D:6)
  An elf zombie (Ossuary)
  A howler monkey (D:4)
  A bullfrog zombie (D:8)
  7 orc priests
  2 hounds
  A bullfrog skeleton (D:6)
  14 orc wizards
  A centaur skeleton (D:5)
  Natasha (thrice) (D:4)
  4 worker ants
  2 big kobold zombies (Ossuary)
  A hound zombie (D:6)
  3 mummies (Ossuary)
  7 gnolls (D:4)
  11 adders
  2 white imps
  3 ufetubi
  An ooze (D:4)
  3 worms
  3 dart slugs
  3 leopard geckos
  23 orcs
  11 bats
  5 giant cockroaches
  A gnoll zombie (Ossuary)
  11 hobgoblins
  10 jackals
  A quokka (D:4)
  5 ball pythons
  A frilled lizard (D:1)
  11 goblins
  3 goblin zombies (Ossuary)
  A hobgoblin zombie (Ossuary)
  7 kobolds
  2 kobold zombies (Ossuary)
  An orc zombie (Ossuary)
  A quokka skeleton (D:5)
  3 quokka zombies (Ossuary)
  7 rats
  4 rat zombies (Ossuary)
191 creatures vanquished.

Vanquished Creatures (others)
  An orc wizard (D:4)
  3 plants (D:3)
4 creatures vanquished.

Grand Total: 195 creatures vanquished

Notes
Turn   | Place    | Note
-------+----------+-------------------------------------------
     0 | D:1      | kae the Draconian Transmuter began the quest for the Orb.
     0 | D:1      | Reached XP level 1. HP: 16/16 MP: 3/3
   277 | D:1      | Reached XP level 2. HP: 12/23 MP: 3/5
  1193 | D:1      | Reached XP level 3. HP: 29/29 MP: 6/6
  1323 | D:2      | Learned a level 2 spell: Wereblood
  1475 | D:2      | Learned a level 3 spell: Spider Form
  2444 | D:3      | Reached XP level 4. HP: 26/36 MP: 5/7
  2766 | D:3      | Reached XP level 5. HP: 23/42 MP: 9/9
  3034 | D:3      | Found a sacrificial altar of Ru.
  3908 | D:4      | Reached skill level 4 in Unarmed Combat
  3970 | D:4      | Found a sand-covered staircase.
  4008 | Ossuary  | Entered an ossuary
  4015 | Ossuary  | Reached XP level 6. HP: 50/50 MP: 0/10
  4866 | D:4      | Found a staircase to the Ecumenical Temple.
  5015 | D:4      | Noticed Natasha
  5028 | D:4      | Killed Natasha
  5237 | D:4      | Your scales start taking on a glossy black colour.
  5237 | D:4      | Reached XP level 7. HP: 13/57 MP: 2/12
  5237 | D:4      | Gained mutation: You are resistant to electric shocks.
                  | (rElec) [Black Draconian growth]
  5597 | D:4      | Found a radiant altar of Vehumet.
  5604 | D:4      | Found an opulent altar of Gozag.
  5604 | D:4      | Found a shimmering altar of Xom.
  5625 | D:4      | Found a broken altar of Ashenzari.
  5625 | D:4      | Found an opulent altar of Gozag.
  5625 | D:4      | Found a bloodstained altar of Trog.
  5716 | D:4      | Noticed Natasha
  5735 | D:4      | Killed Natasha
  6520 | Temple   | Entered the Ecumenical Temple
  6741 | Temple   | Became a worshipper of Uskayaw the Reveler
  6795 | D:4      | Noticed Natasha
  6802 | D:4      | Reached * piety under Uskayaw
  6806 | D:4      | Killed Natasha
  6858 | D:5      | Entered Level 5 of the Dungeon
  7055 | D:5      | Reached ** piety under Uskayaw
  7059 | D:5      | Reached skill level 5 in Unarmed Combat
  7150 | D:5      | Reached *** piety under Uskayaw
  7478 | D:5      | Reached XP level 8. HP: 66/66 MP: 10/14
  7744 | D:5      | Reached skill level 6 in Unarmed Combat
  8027 | D:5      | Found an opulent altar of Gozag.
  8144 | D:6      | Reached skill level 5 in Transmutations
  8274 | D:6      | Reached skill level 1 in Invocations
  8326 | D:6      | Found a radiant altar of Vehumet.
  8327 | D:6      | Found an ornate altar of the Wu Jian Council.
  8327 | D:6      | Found a glowing silver altar of Zin.
  8328 | D:6      | Found a snail-covered altar of Cheibriados.
  8328 | D:6      | Found a hazy altar of Hepliaklqana.
  8329 | D:6      | Found an iron altar of Okawaru.
  8332 | D:6      | Found a shimmering blue altar of Sif Muna.
  8607 | D:6      | Reached skill level 7 in Unarmed Combat
  8898 | D:6      | Found Genekhach's Jewellery Emporium.
  8901 | D:6      | Bought a cursed amulet of inaccuracy for 22 gold pieces
  9059 | D:6      | Found Orphexub's Armour Boutique.
  9110 | D:6      | Bought a +2 pair of boots of flying for 215 gold pieces
  9425 | D:6      | Reached **** piety under Uskayaw
  9769 | D:7      | Noticed a hippogriff
  9783 | D:7      | Killed a hippogriff
  9992 | D:7      | Reached XP level 9. HP: 71/71 MP: 11/15
 10115 | D:7      | Found Iptuhaf's Weapon Shoppe.
 10372 | D:7      | Reached skill level 8 in Unarmed Combat
 10909 | D:8      | Learned a level 5 spell: Blade Hands
 10914 | D:8      | Learned a level 4 spell: Ice Form
 11261 | D:8      | Slain by an orc warrior

Illustrated notes

Levels and vault maps discovered:
D:1:      ebering_trefoil_twist, layout_loops_ring
D:2:      layout_loops_cross
D:3:      layout_basic, nicolae_ru_great_annihilating_truth, serial_bayou_lake_a
D:4:      layout_basic, doesnt_xom_only_xom, lemuel_temple_firewalk_a,
          nicolae_ossuary_entry_plus, uniq_natasha
D:5:      layout_basic, nicolae_gozag_cash_rules_everything_around_me
D:6:      layout_gridville, grunt_temple_overflow_open, serial_shops,
          nicolae_shop_competitors_out_of_business, nicolae_shop_statue_plus,
          item_on_display_a
D:7:      wad_pebble_path, layout_loops_ring, serial_shops, kennysheep_mini
D:8:      layout_gridville, chequers_temple_overflow_statue_of_worship,
          fedhas_altar_1
Temple:   dpeg_chambers_temple

Skill      XL: |  1  2  3  4  5  6  7  8  9 |
---------------+----------------------------+-----
Dodging        | 2 3 |  3.6
Fighting       | 2 3 4 |  4.0
Transmutations | 3 4 6 |  6.3
Spellcasting   | 3 4 |  4.0
Unarmed Combat | 4 5 7 8 |  8.2
Invocations    | 3 4 |  4.0
Ice Magic      | |  0.1

Action                   |  1- 3 |  4- 6 |  7- 9 || total
-------------------------+-------+-------+-------++-------
Melee: Unarmed           |   157 |   217 |   306 ||   680
       Tailslap          |    15 |    16 |     6 ||    37
       Kick              |    13 |     9 |     2 ||    24
       Headbutt          |     9 |    14 |     2 ||    25
       Punch             |     1 |     2 |     2 ||     5
 Cast: Beastly Appendage |    26 |    23 |     3 ||    52
       Spider Form       |       |     9 |    30 ||    39
       Blade Hands       |       |       |     1 ||     1
 Abil: Breathe Lightning |       |       |     3 ||     3
  Use: Scroll            |     9 |     5 |     5 ||    19
       Potion            |       |     2 |     1 ||     3
 Stab: Sleeping          |     2 |       |       ||     2
       Paralysed         |       |     1 |     7 ||     8
       Invisible         |       |     1 |       ||     1
Armor: Skin              |    77 |    51 |    40 ||   168
Dodge: Dodged            |   118 |   126 |   309 ||   553

Table legend: (Time is in decaauts)
 A = Elapsed time spent in this place.
 B = Non-inter-level travel time spent in this place.
 C = Inter-level travel time spent in this place.
 D = Time resting spent in this place.
 E = Time spent auto-exploring this place.
 F = Levels seen in this place.
 G = Mean time per level.
                   A        B        C        D        E       F      G
               +--------+--------+--------+--------+--------+-----+--------+
         Total |  11232 |  10915 |    317 |   1259 |   8202 |  10 | 1123.2 |
       Dungeon |  10449 |  10194 |    255 |   1054 |   7830 |   8 | 1306.1 |
        Temple |    248 |    187 |     61 |      0 |    185 |   1 |  248.0 |
       Ossuary |    534 |    534 |      0 |    205 |    187 |   1 |  534.0 |
               +--------+--------+--------+--------+--------+-----+--------+

Top non-repeatable levels by time:
     D:4: 2164 daAuts
     D:6: 1534 daAuts
     D:3: 1511 daAuts
     D:1: 1313 daAuts
     D:5: 1266 daAuts
     D:7: 1217 daAuts
     D:2: 1086 daAuts
 Ossuary: 534 daAuts
     D:8: 354 daAuts
  Temple: 248 daAuts
